 Dungeon Crawl Stone Soup version 0.18.1-5-g4a78601 (webtiles) character file.

113 namelastname112 the Chopper (level 4, -3/40 HPs)
             Began as a Draconian Fighter on May 14, 2016.
             Slain by a wasp (6 damage)
             ... on level 3 of the Dungeon.
             The game lasted 00:02:15 (2090 turns).

namelastname112 the Chopper (Draconian Fighter)     Turns: 2090, Time: 00:02:16

Health: -3/40      AC:  5    Str: 23    XL:     4   Next: 65%
Magic:  4/4        EV: 10    Int:  8    God:
Gold:   85         SH:  9    Dex: 12    Spells: 0 memorised, 3 levels left

rFire  . . .     SeeInvis .     a - +0 war axe
rCold  . . .     Gourm    .     (armour unavailable)
rNeg   . . .     Faith    +     b - +0 shield
rPois  .         Spirit   .     (helmet restricted)
rElec  .         Dismiss  .     (no cloak)
rCorr  .         Reflect  .     (no gloves)
SustAt .         Harm     .     (no boots)
MR     .....                    m - amulet of faith
Stlth  +.........               (no ring)
                                (no ring)

@: mighty, slowed, very slow, not resistant to hostile enchantments, very
unstealthy
A: unfitting armour, cold-blooded, AC +5
a: no special abilities


You were on level 3 of the Dungeon.
You were not hungry.

You visited 1 branch of the dungeon, and saw 3 of its levels.

You collected 85 gold pieces.

Inventory:

Hand Weapons
 a - a +0 war axe (weapon)
Armour
 b - a +0 shield (worn)
Jewellery
 m - an amulet of faith (around neck)
Scrolls
 h - 2 scrolls of remove curse {unknown}
 j - a scroll of teleportation {unknown}
 l - a scroll of amnesia {unknown}
 n - a scroll of fear {unknown}
 o - 3 scrolls of identify {unknown}
 p - a scroll of blinking {unknown}
 q - a scroll of random uselessness {unknown}
 s - a scroll of immolation {unknown}
 t - a scroll of enchant armour {unknown}
 u - a scroll of magic mapping {unknown}
 w - a scroll of fog {unknown}
Potions
 c - a potion of might
 e - a potion of brilliance {unknown}
 g - a potion of magic
 i - a potion of curing
 r - 2 potions of agility {unknown}
Comestibles
 d - 3 bread rations
 f - 4 meat rations
 k - a royal jelly
 v - 4 fruits


   Skills:
 + Level 3.7 Fighting
 * Level 3.9 Axes
 + Level 3.1 Dodging
 + Level 3.4 Shields


You had 3 spell levels left.
You didn't know any spells.

Dungeon Overview and Level Annotations

Branches:
Dungeon (3/15)

Altars:
Sif Muna


Innate Abilities, Weirdness & Mutations

Your plain brown scales are hard (AC +5).
Your body does not fit into most forms of armour.
You are cold-blooded and may be slowed by cold attacks.


Message History

You regained 4 hp, and now have 19/40 hp.
Drink which item? (? for menu, Esc to quit)
You feel very mighty all of a sudden.
You feel sick. The wasp closely misses you. The wasp stings you.
* * * LOW HITPOINT WARNING * * *
You block the wasp's attack.
You take 7 damage, and have 12/40 hp.
You miss the wasp.
You feel yourself speed up.
You feel sick. The wasp stings you.
* * * LOW HITPOINT WARNING * * *
You feel yourself slow down. You block the wasp's attack.
The wasp barely misses you.
You take 6 damage, and have 6/40 hp.
Drink which item? (? for menu, Esc to quit)
You feel better. The wasp stings you!
* * * LOW HITPOINT WARNING * * *
You feel as though you will be slow longer.
The wasp stings you.
You die...

.......)..)......[.
...####.#.#÷###..†#
#..# #.###.......#
######..####.#
#.....#..
#.......).##.#
#.....#..
#..)......##.#
#.###.#..
#.........##.# #.#
#.#..
#......y..##.# #(#
#.#<.
#......@..##.# #.#
#.#.# #.......:.#
#.#.# ######..###
#.#.# ........## #
#.#[#
##.......###.#.#
#.#.#
#...........#.#
#.#.# ##
#........####.#
#.#.# .#
######'#...##.#
#.#.. .#
#.#.####.#+###....


You could see a wasp.

Vanquished Creatures
  2 adders (D:2)
  3 worms
  A dart slug (D:1)
  2 giant geckos
  6 orcs (D:3)
  2 ball pythons
  2 giant cockroaches
  6 goblins
  12 hobgoblins
  11 jackals
  4 bats
  4 giant newts
  9 kobolds
  5 rats
69 creatures vanquished.

Notes
Turn   | Place    | Note
--------------------------------------------------------------
     0 | D:1      | namelastname112 the Draconian Fighter began the quest for the Orb.
     0 | D:1      | Reached XP level 1. HP: 19/19 MP: 1/1
   366 | D:1      | Reached XP level 2. HP: 26/26 MP: 2/2
   911 | D:2      | Reached XP level 3. HP: 22/31 MP: 3/3
  1307 | D:2      | Reached XP level 4. HP: 22/39 MP: 4/4
  1567 | D:3      | Found a deep blue altar of Sif Muna.
  2080 | D:3      | Noticed a wasp
  2090 | D:3      | Slain by a wasp

Skill      XL: |  1  2  3 |
---------------+----------+-----
Axes           | 3 |  3.9
Dodging        | 3 |  3.1
Fighting       | |  3.7
Shields        | |  3.4

Action                   |  1- 3 |  4- 6 || total
-------------------------+-------+-------++-------
Melee: War axe           |   119 |    79 ||   198
       Tailslap          |     8 |     7 ||    15
  Use: Potion            |       |     5 ||     5
 Stab: Distracted        |     1 |       ||     1
       Sleeping          |       |     1 ||     1
  Eat: Chunk             |     1 |     3 ||     4
Armor: Skin              |    38 |    22 ||    60
Dodge: Dodged            |    61 |    33 ||    94
Block: Shield            |    88 |    26 ||   114
